 Dungeon Crawl Stone Soup version 0.29-a0-542-g075992c915 (webtiles) character file.

Game seed: 13441680571732168795

472 Crownlay the Cleaver (level 7, -4/57 HPs)
             Began as a Hill Orc Fighter on June 3, 2022.
             Slain by a sky beast (6 damage)
             ... on level 4 of the Dungeon.
             The game lasted 00:03:36 (3569 turns).

Crownlay the Cleaver (Hill Orc Fighter)             Turns: 3569, Time: 00:03:36

Health: -4/57      AC: 10    Str: 21    XL:     7   Next: 9%
Magic:  7/7        EV:  9    Int:  8    God:
Gold:   156        SH:  4    Dex: 10    Spells: 6/6 levels left

rFire   . . .      SeeInvis .   a - +0 war axe
rCold   . . .      Faith    .   c - +0 buckler
rNeg    . . .      Spirit   .   b - +0 scale mail
rPois   .          Reflect  .   (no helmet)
rElec   .          Harm     .   n - +0 cloak
rCorr   .          Rampage  .   o - +0 pair of gloves
Will    .....                   m - +0 pair of boots
Stlth   ..........              (no amulet)
HPRegen 0.19/turn               (no ring)
MPRegen 0.10/turn               (no ring)

@: no status effects
A: no striking features
a: no special abilities


You were on level 4 of the Dungeon.
You visited 1 branch of the dungeon, and saw 4 of its levels.

You collected 156 gold pieces.

Inventory:

Hand Weapons
 a - a +0 war axe (weapon)
Missiles
 e - a throwing net (quivered)
Armour
 b - a +0 scale mail (worn)
 c - a +0 buckler (worn)
 m - a +0 pair of boots (worn)
 n - a +0 cloak (worn)
 o - a +0 pair of gloves (worn)
Scrolls
 g - a scroll of identify
 h - a scroll of teleportation {unknown}
 i - 2 scrolls of amnesia
 j - a scroll of enchant armour {unknown}
 k - 2 scrolls of magic mapping
 l - a scroll of blinking {unknown}
Potions
 d - a potion of invisibility {unknown}
 f - a potion of degeneration {unknown}


   Skills:
 - Level 3.6 Fighting
 * Level 9.8 Axes
 - Level 3.2 Armour
 - Level 3.2 Shields


You had 6 spell levels left.
You didn't know any spells.
Your spell library contained the following spells:

 Spells                   Type           Power      Damage    Failure   Level
 Beastly Appendage        Tmut           0%         N/A       83%         1
 Wereblood                Tmut           0%         N/A       93%         2
 Spider Form              Tmut/Pois      0%         N/A       99%         3


Dungeon Overview and Level Annotations

Branches:
Dungeon (4/15)
 Temple: D:4-7

Altars:
Makhleb
Trog
Wu Jian
The Shining One


Message History

The centaur closely misses you.
You hit the centaur.
You kill the centaur!
You hit the sky beast but do no damage.
The sky beast flickers out of sight!
Deactivating autopickup; reactivate with Ctrl-A.
Something hits you but does no damage. Something hits you.
Something shocks you.
You have reached level 7!
You miss something. Something hits you but does no damage.
You miss something. Something hits you but does no damage.
You miss something. Something hits you. Something shocks you.
You miss something. Something hits you. Something shocks you.
You closely miss something. Something hits you but does no damage.
You miss something. Something hits you. Something shocks you.
You closely miss something. Something hits you but does no damage.
You hit something. Something hits you. Something shocks you.
* * * LOW HITPOINT WARNING * * *
You completely miss something. Something hits you.
* * * LOW HITPOINT WARNING * * *
Something shocks you.
* * * LOW HITPOINT WARNING * * *
You barely miss something. Something hits you but does no damage.
You barely miss something.
A sky beast appears from thin air!
Reactivating autopickup.
The sky beast hits you but does no damage.
You barely miss the sky beast.
The sky beast is moderately wounded.
The sky beast barely misses you.
You barely miss the sky beast.
The sky beast is moderately wounded.
The sky beast hits you.
* * * LOW HITPOINT WARNING * * *
The sky beast shocks you.
* * * LOW HITPOINT WARNING * * *
You closely miss the sky beast.
The sky beast is moderately wounded.
The sky beast hits you.
* * * LOW HITPOINT WARNING * * *
The sky beast shocks you.
You die...

.............
.................#
.................#
........... ......
.................#
.................##
.#.....###....
...###.##
........##...
##)Y......
...........####.@####
.........#.##.......#
.........#....#####.#
.........#..### .#
..)......#.## #
...........#
.#......##.#
..###...##.# #.
#....#.#


You could see a sky beast.

Vanquished Creatures
  A centaur (D:4)
  A gnoll sergeant (D:4)
  A scorpion (D:4)
  Crazy Yiuf (D:3)
  2 iguanas (D:4)
  7 adders
  7 gnolls
  3 orcs (D:3)
  5 ball pythons
  8 bats
  6 endoplasms
  2 giant cockroaches (D:1)
  3 goblins
  6 hobgoblins
  2 quokkas
  4 frilled lizards
  6 kobolds
  8 rats
73 creatures vanquished.

Vanquished Creatures (others)
  2 fungi (D:3)
2 creatures vanquished.

Grand Total: 75 creatures vanquished

Notes
Turn   | Place    | Note
-------+----------+-------------------------------------------
     0 | D:1      | Crownlay the Hill Orc Fighter began the quest for the Orb.
     0 | D:1      | Reached XP level 1. HP: 19/19 MP: 1/1
    47 | D:1      | Reached skill level 3 in Axes
   249 | D:1      | Reached XP level 2. HP: 25/26 MP: 2/2
   307 | D:1      | Reached skill level 4 in Axes
   516 | D:1      | Reached XP level 3. HP: 26/31 MP: 3/3
   836 | D:2      | Reached skill level 5 in Axes
  1357 | D:2      | Found a faded altar of an unknown god.
  1540 | D:2      | You fall into a shaft and drop 1 floor!
  1591 | D:3      | Reached XP level 4. HP: 13/39 MP: 4/4
  1595 | D:3      | HP: 2/58 [gnoll/+0 spear (2)]
  1596 | D:3      | Reached skill level 6 in Axes
  1939 | D:3      | Found a bloodstained altar of Trog.
  2236 | D:2      | Reached XP level 5. HP: 43/45 MP: 5/5
  2487 | D:3      | Found a burning altar of Makhleb.
  2781 | D:3      | Found a runed translucent door.
  2782 | D:3      | Noticed Crazy Yiuf
  2794 | D:3      | Killed Crazy Yiuf
  2795 | D:3      | Reached skill level 7 in Axes
  3201 | D:4      | Reached skill level 8 in Axes
  3201 | D:4      | Reached XP level 6. HP: 23/51 MP: 6/6
  3391 | D:4      | Found an ornate altar of the Wu Jian Council.
  3392 | D:4      | Found a glowing golden altar of the Shining One.
  3493 | D:4      | Reached skill level 9 in Axes
  3545 | D:4      | Noticed a sky beast
  3556 | D:4      | Reached XP level 7. HP: 46/57 MP: 7/7
  3569 | D:4      | HP: 2/57 [sky beast (2)]
  3569 | D:4      | Slain by a sky beast

Illustrated notes

Levels and vault maps discovered:
D:1:      dpeg_arrival_concentric_ovals, layout_rooms, hangedman_decor_push
D:2:      layout_basic, chequers_ecumenical_altar_simple
D:3:      layout_rooms, mainiacjoe_overflow_paths, lemuel_doored_altar,
          uniq_crazy_yiuf_cottage
D:4:      layout_rooms, nicolae_ru_the_path_less_chosen, zin_scriptorium,
          grunt_temple_overflow_open, temple_statues, minivault_4,
          minmay_box_of_dots

Skill      XL: |  1  2  3  4  5  6 |
---------------+-------------------+-----
Axes           | 3 4 5 6 8 9 |  9.8
Fighting       | |  3.6
Armour         | |  3.2
Shields        | |  3.2

Action                   |  1- 3 |  4- 6 |  7- 9 || total
-------------------------+-------+-------+-------++-------
Melee: War axe           |   100 |   122 |    14 ||   236
  Use: Potion            |       |     3 |       ||     3
       Scroll            |       |     3 |       ||     3
Armor: Scale mail        |    52 |    65 |     6 ||   123
       Skin              |       |     4 |       ||     4
Dodge: Dodged            |    54 |    64 |     1 ||   119
Block: Buckler           |    26 |    43 |       ||    69

Table legend: (Time is in decaauts)
 A = Elapsed time spent in this place.
 B = Non-inter-level travel time spent in this place.
 C = Inter-level travel time spent in this place.
 D = Time resting spent in this place.
 E = Time spent auto-exploring this place.
 F = Levels seen in this place.
 G = Mean time per level.
                   A        B        C        D        E       F      G
               +--------+--------+--------+--------+--------+-----+--------+
         Total |   3626 |   3461 |    165 |      0 |   2882 |   4 |  906.5 |
       Dungeon |   3626 |   3461 |    165 |      0 |   2882 |   4 |  906.5 |
               +--------+--------+--------+--------+--------+-----+--------+

Top non-repeatable levels by time:
     D:3: 1517 daAuts
     D:2: 893 daAuts
     D:1: 829 daAuts
     D:4: 386 daAuts
